Flyers vs Nordiques

Created - 1 mars 2023 at 17:11

Goals
1 2 3 T
Flyers 2 1 0 3
Nordiques 0 1 1 2
Shots
1 2 3 T
Flyers 20 11 6 37
Nordiques 10 16 15 41

GoalsPenalties
1st period
1. Flyers , Calle Jarnkrok 10 (Dylan Cozens 15, Justin Holl 3) at 3:59
2. Flyers , Kevin Fiala 20 (Leon Draisaitl 46, Patrick Kane 38) at 7:24
Nils Hoglander (QUE) for Roughing (Minor) at 1:15
2nd period
3. Nordiques , C.J. Smith 17 (Vasili Podkolzin 20, Shea Weber 20) at 9:22
4. Flyers , Calle Jarnkrok 11 (MacKenzie Weegar 21, Dylan Cozens 16) at 18:44
Juuse Saros (PHI) for Slashing (Minor) at 15:50 - Anthony Cirelli served the penalty
3rd period
5. Nordiques , Sebastian Aho 23 (Lucas Raymond 28, Shayne Gostisbehere 21) at 11:43
No Penalty
Goalie Stats
Juuse Saros (PHI), 39 saves from 41 shots - (0,951), W, 24-15-4, 60:00 minutes
Mike Smith (QUE), 34 saves from 37 shots - (0,919), L, 26-14-3, 59:21 minutes
3 StarsOfficial
1 - Calle Jarnkrok (PHI)
2 - Juuse Saros (PHI)
3 - Dylan Cozens (PHI)
Referees : Mike Campbell and Jean Hebert
Linesman : Brandon Gawryletz and Ryan Gibbons
Game Note
No Game Note
Finance
Level 1 -- Attendance: 5901 (98,35%) -- Ticket Income 472 080 $
Level 2 -- Attendance: 4654 (93,08%) -- Ticket Income 232 700 $
Level 3 -- Attendance: 2000 (100,00%) -- Ticket Income 50 000 $
Level 4 -- Attendance: 4000 (100,00%) -- Ticket Income 40 000 $
Luxury Box -- Attendance: 961 (96,10%) -- Ticket Income 153 760 $
Game was played at the Colisee.
Total Attendance: 17516 (97,31%)
Total Ticket Income: 948 540 $
Other Income: 464 785 $
Total Income: 1 413 325 $



Team Name Goals Shots Shots Attemp Shots Blocked PIM HIT PP PK FO%
Flyers 3378182200 / 1 (0%)063%
Nordiques 24171172210 / 1 (0%)037%

Flyers
Player Name POS G A P +/- PIM HIT SHT SB MP PP MP PP SHT PK MP PK SHT FO% FOT GA TA
Aaron EkbladD0002031124:321:0900:0000% 021
Anthony CirelliC/LW/RW0000024115:550:5700:00053% 1520
Calle JarnkrokC/LW/RW2021005114:370:0301:040100% 201
Dylan CozensC/LW/RW0221032014:080:5400:0000% 021
Gabriel VilardiC/LW/RW000000109:240:0000:0000% 000
Jakub VranaLW/RW0000012014:420:0000:0000% 000
Jesper BoqvistC/LW/RW000000009:130:0000:0000% 000
John MarinoD000-2011021:100:5001:2200% 000
Justin HollRW/D0111001014:180:0000:3700% 000
Kevin FialaLW/RW1010002019:281:0200:00033% 300
Leon DraisaitlC/LW0110016220:381:0200:59074% 3400
MacKenzie WeegarD0112051024:321:0900:0000% 002
Noah HanifinD000-2010021:100:5001:2200% 000
Patrick KaneLW/RW0110005018:181:0200:0000% 220
Patrik NemethD0001000114:180:0000:3700% 000
Ross ColtonC/LW/RW0000012011:240:0300:31033% 300
Scott LaughtonC/LW/RW0001011113:580:0000:44075% 410
Travis KonecnyC/LW/RW0000013116:160:5410:40050% 210
Nordiques
Player Name POS G A P +/- PIM HIT SHT SB MP PP MP PP SHT PK MP PK SHT FO% FOT GA TA
Alex NewhookC/LW000-1022014:220:0000:00031% 1310
Alexander RadulovLW/RW000-1026113:140:0000:0000% 100
Alexander WennbergC/LW/RW0000002014:460:2100:54067% 301
C.J. SmithC/LW/RW1010002014:590:0000:00019% 1600
Joel FarabeeLW0000023116:271:3801:0500% 000
Kirby DachC/RW0000004215:151:3810:0000% 110
Lucas RaymondLW/RW0110013013:510:2100:0000% 200
Martin FehervaryD000-1020218:530:0000:0000% 011
Mathieu PerreaultC/LW/RW000-1011014:220:0000:0000% 000
Nils HoglanderLW/RW0000222014:580:0000:0000% 012
Pius SuterC/RW0000000215:541:3801:05050% 1600
Ryan LindgrenD000-1020218:530:0000:0000% 001
Sebastian AhoC/LW/RW1010027015:410:2100:54054% 1310
Shayne GostisbehereD0110012119:420:0000:5600% 002
Shea WeberD0110023121:011:5901:0300% 002
Travis SanheimD0000010121:011:5901:0300% 001
Vasili PodkolzinRW0110002114:590:0000:0000% 000
Zdeno CharaD0000012319:420:0000:5600% 000

Flyers

5 vs 5 Forward
Line #Left WingCenterRight WingPHYDFOFWanted %Time %Time Play
1Kevin FialaLeon DraisaitlPatrick Kane0233331%17:16
2Jakub VranaAnthony CirelliTravis Konecny0322828%15:09
3Calle JarnkrokScott LaughtonDylan Cozens0322224%13:14
4Jesper BoqvistRoss ColtonGabriel Vilardi0231717%9:13
5 vs 5 Defense
Line #DefenseDefensePHYDFOFWanted %Time %Time Play
1Aaron EkbladMacKenzie Weegar1224040%22:13
2Noah HanifinJohn Marino1223535%18:58
3Patrik NemethJustin Holl2302525%13:41
4MacKenzie WeegarNoah Hanifin12200%0:00
Power Play Forward
Line #Left WingCenterRight WingPHYDFOFWanted %Time %Time Play
1Kevin FialaLeon DraisaitlPatrick Kane0055552%1:02
2Dylan CozensAnthony CirelliTravis Konecny0054548%0:57
Power Play Defense
Line #DefenseDefensePHYDFOFWanted %Time %Time Play
1Aaron EkbladMacKenzie Weegar0056058%1:09
2Noah HanifinJohn Marino0054042%0:50
Penalty Kill 4 Players Forward
Line #CenterWingPHYDFOFWanted %Time %Time Play
1Anthony CirelliCalle Jarnkrok0505274%1:28
2Scott LaughtonRoss Colton0504826%0:31
Penalty Kill 4 Players Defense
Line #DefenseDefensePHYDFOFWanted %Time %Time Play
1Noah HanifinJohn Marino0505569%1:22
2Patrik NemethJustin Holl0504531%0:37
Penalty Kill 3 Players
Line #WingPHYDFOFWanted %Time %Time PlayDefenseDefensePHYDFOFWanted %Time %Time Play
1Scott Laughton050530%0:00 Noah HanifinJohn Marino050550%0:00
2Anthony Cirelli050470%0:00 Patrik NemethJustin Holl050450%0:00
4 vs 4 Forward
Line #CenterWingPHYDFOFWanted %Time %Time Play
1Leon DraisaitlPatrick Kane032550%0:00
2Anthony CirelliKevin Fiala032450%0:00
4 vs 4 Defense
Line #DefensePHYDFOFWanted %Time %Time Play
1Aaron EkbladMacKenzie Weegar032600%0:00
2Noah HanifinJohn Marino032400%0:00
Last Minutes Offensive
Left WingCenterRight WingDefenseDefense
Patrick KaneLeon DraisaitlKevin FialaTravis KonecnyAaron Ekblad
Last Minutes Defensive
Left WingCenterRight WingDefenseDefense
Anthony CirelliLeon DraisaitlKevin FialaAaron EkbladMacKenzie Weegar
Time
Total ForwardTotal DefenseLast Minutes OffensiveLast Minutes Defensive
60:00 60:00 0:001:10
Extra Forwards
Normal PowerPlayPenalty Kill
Scott Laughton, Calle Jarnkrok, Ross ColtonRoss Colton, Dylan CozensLeon Draisaitl
Extra Defensemen
Normal PowerPlayPenalty Kill
Justin Holl, Noah Hanifin, Patrik NemethJustin Holl, Aaron EkbladMacKenzie Weegar
Penalty Shots
Anthony Cirelli, Jakub Vrana, Patrick Kane, Leon Draisaitl, Calle Jarnkrok
Goalie
Juuse Saros, Anthony Stolarz
Custom OT Lines Forwards
Leon Draisaitl, Patrick Kane, Kevin Fiala, Travis Konecny, Jakub Vrana, Ross Colton, Scott Laughton, Calle Jarnkrok, Dylan Cozens, Gabriel Vilardi
Custom OT Lines Defensemen
Aaron Ekblad, MacKenzie Weegar, Noah Hanifin, John Marino, Justin Holl
Scratches
Martin Frk (Healthy)

Nordiques

5 vs 5 Forward
Line #Left WingCenterRight WingPHYDFOFWanted %Time %Time Play
1Alexander WennbergSebastian AhoLucas Raymond0232524%13:10
2Joel FarabeePius SuterKirby Dach0232525%13:55
3Alexander RadulovAlex NewhookMathieu Perreault0232523%12:45
4Nils HoglanderC.J. SmithVasili Podkolzin0232527%14:59
5 vs 5 Defense
Line #DefenseDefensePHYDFOFWanted %Time %Time Play
1Travis SanheimShea Weber0233434%18:23
2Shayne GostisbehereZdeno Chara0233332%17:33
3Ryan LindgrenMartin Fehervary0233334%18:53
4Travis SanheimShea Weber02300%0:00
Power Play Forward
Line #Left WingCenterRight WingPHYDFOFWanted %Time %Time Play
1Alexander WennbergSebastian AhoLucas Raymond0235018%0:21
2Joel FarabeePius SuterKirby Dach0235082%1:38
Power Play Defense
Line #DefenseDefensePHYDFOFWanted %Time %Time Play
1Travis SanheimShea Weber02350100%1:59
2Shayne GostisbehereZdeno Chara023500%0:00
Penalty Kill 4 Players Forward
Line #CenterWingPHYDFOFWanted %Time %Time Play
1Pius SuterJoel Farabee0235055%1:05
2Sebastian AhoAlexander Wennberg0235045%0:54
Penalty Kill 4 Players Defense
Line #DefenseDefensePHYDFOFWanted %Time %Time Play
1Travis SanheimShea Weber0235053%1:03
2Shayne GostisbehereZdeno Chara0235047%0:56
Penalty Kill 3 Players
Line #WingPHYDFOFWanted %Time %Time PlayDefenseDefensePHYDFOFWanted %Time %Time Play
1Pius Suter023500%0:00 Travis SanheimShea Weber023500%0:00
2Sebastian Aho023500%0:00 Shayne GostisbehereZdeno Chara023500%0:00
4 vs 4 Forward
Line #CenterWingPHYDFOFWanted %Time %Time Play
1Sebastian AhoAlexander Wennberg023500%0:00
2Pius SuterJoel Farabee023500%0:00
4 vs 4 Defense
Line #DefensePHYDFOFWanted %Time %Time Play
1Travis SanheimShea Weber023500%0:00
2Shayne GostisbehereZdeno Chara023500%0:00
Last Minutes Offensive
Left WingCenterRight WingDefenseDefense
Alexander WennbergSebastian AhoLucas RaymondTravis SanheimShea Weber
Last Minutes Defensive
Left WingCenterRight WingDefenseDefense
Alexander WennbergSebastian AhoLucas RaymondTravis SanheimShea Weber
Time
Total ForwardTotal DefenseLast Minutes OffensiveLast Minutes Defensive
60:00 60:00 1:130:00
Extra Forwards
Normal PowerPlayPenalty Kill
Alexander Radulov, Alex Newhook, Mathieu PerreaultAlexander Radulov, Alex NewhookLucas Raymond
Extra Defensemen
Normal PowerPlayPenalty Kill
Ryan Lindgren, Martin Fehervary, Travis SanheimMartin Fehervary, Ryan LindgrenMartin Fehervary
Penalty Shots
Alexander Radulov, Lucas Raymond, Kirby Dach, Pius Suter, Alexander Wennberg
Goalie
Mike Smith, Dan Vladar
Custom OT Lines Forwards
Sebastian Aho, Alexander Wennberg, Lucas Raymond, Joel Farabee, Kirby Dach, Pius Suter, Alexander Radulov, Alex Newhook, Mathieu Perreault, Nils Hoglander
Custom OT Lines Defensemen
Travis Sanheim, Shea Weber, Shayne Gostisbehere, Zdeno Chara, Ryan Lindgren
Scratches
Andrej Sekera (Healthy), Philippe Myers (Healthy), Anton Khudobin (Healthy)


Play-by-Play

1st period


0:01 of 1st period - Sebastian Aho wins face-off versus Patrick Kane in neutral zone.
0:08 of 1st period - Snap shot by Lucas Raymond.
0:08 of 1st period - Shot Misses the Net.
0:11 of 1st period - Icing by MacKenzie Weegar.
0:12 of 1st period - Leon Draisaitl wins face-off versus Kirby Dach in Flyers zone.
0:32 of 1st period - Wrist shot by Patrick Kane.
0:32 of 1st period - Deflect By Shayne Gostisbehere.
0:32 of 1st period - Stopped by Mike Smith without a rebound.
0:33 of 1st period - Travis Konecny wins face-off versus Alex Newhook in Nordiques zone.
1:03 of 1st period - Slapshot by Dylan Cozens.
1:03 of 1st period - Shot Misses the Net.
1:15 of 1st period - Minor Penalty to Nils Hoglander for Roughing.
1:16 of 1st period - Pius Suter wins face-off versus Leon Draisaitl in Nordiques zone.
1:53 of 1st period - Wrist shot by Travis Konecny.
1:53 of 1st period - Stopped by Mike Smith with a rebound.
3:15 of 1st period - Penalty to Nils Hoglander is over, Nils Hoglander is back on ice.
3:18 of 1st period - Wrist shot by Alex Newhook.
3:18 of 1st period - Shot Misses the Net.
3:20 of 1st period - Snap shot by Zdeno Chara.
3:20 of 1st period - Deflect By Alexander Radulov.
3:20 of 1st period - Stopped by Juuse Saros without a rebound.
3:21 of 1st period - Anthony Cirelli wins face-off versus Alex Newhook in Flyers zone.
3:59 of 1st period - Wrist shot by Calle Jarnkrok.
3:59 of 1st period - Goal by Calle Jarnkrok - Flyers : 1 - Nordiques : 0.
4:00 of 1st period - Leon Draisaitl wins face-off versus Sebastian Aho in neutral zone.
4:09 of 1st period - Snap shot by Patrick Kane.
4:09 of 1st period - Stopped by Mike Smith without a rebound.
4:10 of 1st period - Leon Draisaitl wins face-off versus Sebastian Aho in Nordiques zone.
4:17 of 1st period - Wrist shot by Leon Draisaitl.
4:17 of 1st period - Stopped by Mike Smith with a rebound.
4:53 of 1st period - Wrist shot by Patrick Kane.
4:53 of 1st period - Stopped by Mike Smith without a rebound.
4:54 of 1st period - Pius Suter wins face-off versus Anthony Cirelli in Nordiques zone.
5:21 of 1st period - Dylan Cozens is hit by Mathieu Perreault and loses puck.
6:08 of 1st period - MacKenzie Weegar is hit by Martin Fehervary and loses puck.
6:41 of 1st period - Slapshot by Calle Jarnkrok.
6:41 of 1st period - Stopped by Mike Smith without a rebound.
6:42 of 1st period - Anthony Cirelli wins face-off versus Alexander Radulov in Nordiques zone.
6:58 of 1st period - Snap shot by Travis Konecny.
6:58 of 1st period - Shot Misses the Net.
7:20 of 1st period - Slapshot by Leon Draisaitl.
7:20 of 1st period - Stopped by Mike Smith with a rebound.
7:22 of 1st period - Snap shot by Leon Draisaitl.
7:22 of 1st period - Shot Misses the Net.
7:24 of 1st period - Snap shot by Kevin Fiala.
7:24 of 1st period - Goal by Kevin Fiala - Flyers : 2 - Nordiques : 0.
7:25 of 1st period - Pius Suter wins face-off versus Ross Colton in neutral zone.
7:32 of 1st period - Shea Weber is hit by MacKenzie Weegar and loses puck.
7:57 of 1st period - Wrist shot by Travis Konecny.
7:57 of 1st period - Stopped by Mike Smith without a rebound.
7:58 of 1st period - Anthony Cirelli wins face-off versus Alex Newhook in Nordiques zone.
8:01 of 1st period - Snap shot by Anthony Cirelli.
8:01 of 1st period - Stopped by Mike Smith with a rebound.
8:23 of 1st period - Ryan Lindgren is hit by Leon Draisaitl and loses puck.
8:38 of 1st period - Patrik Nemeth is hit by Martin Fehervary and loses puck.
8:55 of 1st period - Snap shot by Jesper Boqvist.
8:55 of 1st period - Shot Misses the Net.
8:57 of 1st period - Snap shot by Justin Holl.
8:57 of 1st period - Shot Misses the Net.
8:59 of 1st period - Slapshot by Justin Holl.
8:59 of 1st period - Stopped by Mike Smith with a rebound.
9:32 of 1st period - Noah Hanifin is hit by Alex Newhook and loses puck.
9:56 of 1st period - Wrist shot by Joel Farabee.
9:56 of 1st period - Stopped by Juuse Saros without a rebound.
9:57 of 1st period - Kevin Fiala wins face-off versus Pius Suter in Flyers zone.
10:19 of 1st period - Wrist shot by Joel Farabee.
10:19 of 1st period - Shot Misses the Net.
10:27 of 1st period - Snap shot by Joel Farabee.
10:27 of 1st period - Stopped by Juuse Saros with a rebound.
10:29 of 1st period - Backhand shot by Kirby Dach.
10:29 of 1st period - Stopped by Juuse Saros without a rebound.
10:30 of 1st period - Leon Draisaitl wins face-off versus C.J. Smith in Flyers zone.
10:57 of 1st period - Anthony Cirelli is hit by Sebastian Aho and loses puck.
11:22 of 1st period - Snap shot by Anthony Cirelli.
11:22 of 1st period - Stopped by Mike Smith with a rebound.
12:04 of 1st period - Travis Sanheim is hit by Aaron Ekblad and loses puck.
12:11 of 1st period - Snap shot by Patrick Kane.
12:11 of 1st period - Stopped by Mike Smith with a rebound.
12:21 of 1st period - Icing by Travis Sanheim.
12:22 of 1st period - Pius Suter wins face-off versus Travis Konecny in Nordiques zone.
12:27 of 1st period - Slapshot by Anthony Cirelli.
12:27 of 1st period - Deflect By Sebastian Aho.
12:27 of 1st period - Shot Misses the Net.
12:27 of 1st period - Puck is out of play.
12:28 of 1st period - Anthony Cirelli wins face-off versus Alexander Wennberg in Nordiques zone.
12:55 of 1st period - Wrist shot by Anthony Cirelli.
12:55 of 1st period - Stopped by Mike Smith without a rebound.
12:56 of 1st period - Leon Draisaitl wins face-off versus C.J. Smith in Nordiques zone.
13:09 of 1st period - Wrist shot by Patrick Kane.
13:09 of 1st period - Shot Misses the Net.
13:11 of 1st period - Backhand shot by Leon Draisaitl.
13:11 of 1st period - Stopped by Mike Smith with a rebound.
14:03 of 1st period - Zdeno Chara is hit by Dylan Cozens and loses puck.
14:08 of 1st period - Snap shot by Dylan Cozens.
14:08 of 1st period - Stopped by Mike Smith with a rebound.
14:15 of 1st period - Off-side.
14:16 of 1st period - Leon Draisaitl wins face-off versus C.J. Smith in neutral zone.
14:41 of 1st period - Martin Fehervary is hit by MacKenzie Weegar and loses puck.
15:07 of 1st period - Wrist shot by Anthony Cirelli.
15:07 of 1st period - Shot Blocked by Travis Sanheim.
15:11 of 1st period - Slapshot by Travis Konecny.
15:11 of 1st period - Shot Misses the Net.
15:28 of 1st period - Snap shot by Lucas Raymond.
15:28 of 1st period - Shot Misses the Net.
15:30 of 1st period - Slapshot by Sebastian Aho.
15:30 of 1st period - Stopped by Juuse Saros with a rebound.
15:32 of 1st period - Slapshot by Shea Weber.
15:32 of 1st period - Stopped by Juuse Saros with a rebound.
15:34 of 1st period - Snap shot by Alexander Wennberg.
15:34 of 1st period - Shot Blocked by Calle Jarnkrok.
15:44 of 1st period - Patrick Kane is hit by Ryan Lindgren and loses puck.
15:49 of 1st period - Wrist shot by Vasili Podkolzin.
15:49 of 1st period - Shot Misses the Net.
15:51 of 1st period - Wrist shot by C.J. Smith.
15:51 of 1st period - Deflect By Aaron Ekblad.
15:51 of 1st period - Stopped by Juuse Saros without a rebound.
15:52 of 1st period - Alex Newhook wins face-off versus Leon Draisaitl in Flyers zone.
15:55 of 1st period - Slapshot by Alexander Radulov.
15:55 of 1st period - Stopped by Juuse Saros without a rebound.
15:56 of 1st period - Alex Newhook wins face-off versus Leon Draisaitl in Flyers zone.
16:00 of 1st period - Icing by Noah Hanifin.
16:01 of 1st period - Leon Draisaitl wins face-off versus Alex Newhook in Flyers zone.
16:24 of 1st period - Slapshot by Patrick Kane.
16:24 of 1st period - Deflect By Leon Draisaitl.
16:24 of 1st period - Stopped by Mike Smith with a rebound.
16:26 of 1st period - Slapshot by John Marino.
16:26 of 1st period - Stopped by Mike Smith without a rebound.
16:27 of 1st period - C.J. Smith wins face-off versus Anthony Cirelli in Nordiques zone.
16:27 of 1st period - C.J. Smith is hit by MacKenzie Weegar.
17:04 of 1st period - MacKenzie Weegar is hit by Sebastian Aho and loses puck.
17:18 of 1st period - Off-side.
17:19 of 1st period - Pius Suter wins face-off versus Leon Draisaitl in neutral zone.
17:21 of 1st period - Off-side.
17:22 of 1st period - Leon Draisaitl wins face-off versus C.J. Smith in neutral zone.
17:29 of 1st period - Wrist shot by Vasili Podkolzin.
17:29 of 1st period - Stopped by Juuse Saros without a rebound.
17:30 of 1st period - Leon Draisaitl wins face-off versus C.J. Smith in Flyers zone.
18:14 of 1st period - Nils Hoglander is hit by Aaron Ekblad and loses puck.
18:45 of 1st period - Wrist shot by Alexander Radulov.
18:45 of 1st period - Stopped by Juuse Saros with a rebound.
18:47 of 1st period - Slapshot by Martin Fehervary.
18:47 of 1st period - Shot Blocked by Travis Konecny.
19:21 of 1st period - Snap shot by Ross Colton.
19:21 of 1st period - Shot Blocked by Zdeno Chara.
19:23 of 1st period - Slapshot by John Marino.
19:23 of 1st period - Shot Misses the Net.
19:45 of 1st period - Wrist shot by Alexander Radulov.
19:45 of 1st period - Shot Misses the Net.
19:47 of 1st period - Wrist shot by Mathieu Perreault.
19:47 of 1st period - Deflect By Alex Newhook.
19:47 of 1st period - Shot Misses the Net.
19:47 of 1st period - Puck is out of play.
19:48 of 1st period - Leon Draisaitl wins face-off versus Lucas Raymond in Flyers zone.
19:53 of 1st period - Wrist shot by Leon Draisaitl.
19:53 of 1st period - Shot Misses the Net.
19:55 of 1st period - Wrist shot by Leon Draisaitl.
19:55 of 1st period - Stopped by Mike Smith with a rebound.
Goals for this period are 2 for Flyers vs 0 for Nordiques.
Shots for this period are 20 for Flyers vs 10 for Nordiques.

2nd period


0:01 of 2nd period - Leon Draisaitl wins face-off versus Pius Suter in neutral zone.
0:27 of 2nd period - Travis Konecny is hit by Alex Newhook and loses puck.
0:56 of 2nd period - Slapshot by Ross Colton.
0:56 of 2nd period - Deflect By Gabriel Vilardi.
0:56 of 2nd period - Stopped by Mike Smith with a rebound.
1:34 of 2nd period - Off-side.
1:35 of 2nd period - Anthony Cirelli wins face-off versus Pius Suter in neutral zone.
1:38 of 2nd period - Snap shot by Aaron Ekblad.
1:38 of 2nd period - Stopped by Mike Smith with a rebound.
2:26 of 2nd period - Snap shot by Anthony Cirelli.
2:26 of 2nd period - Stopped by Mike Smith with a rebound.
2:46 of 2nd period - Backhand shot by Anthony Cirelli.
2:46 of 2nd period - Shot Blocked by Kirby Dach.
2:48 of 2nd period - Slapshot by Travis Konecny.
2:48 of 2nd period - Shot Blocked by Joel Farabee.
2:50 of 2nd period - Slapshot by Aaron Ekblad.
2:50 of 2nd period - Shot Blocked by Martin Fehervary.
2:52 of 2nd period - Slapshot by Anthony Cirelli.
2:52 of 2nd period - Shot Misses the Net.
2:54 of 2nd period - Wrist shot by Jakub Vrana.
2:54 of 2nd period - Shot Misses the Net.
3:00 of 2nd period - Slapshot by Pius Suter.
3:00 of 2nd period - Shot Misses the Net.
3:06 of 2nd period - Snap shot by Joel Farabee.
3:06 of 2nd period - Shot Misses the Net.
3:08 of 2nd period - Slapshot by Ryan Lindgren.
3:08 of 2nd period - Shot Blocked by Anthony Cirelli.
3:22 of 2nd period - Snap shot by Joel Farabee.
3:22 of 2nd period - Stopped by Juuse Saros without a rebound.
3:23 of 2nd period - Alex Newhook wins face-off versus Patrick Kane in Flyers zone.
3:30 of 2nd period - Slapshot by Alex Newhook.
3:30 of 2nd period - Stopped by Juuse Saros without a rebound.
3:31 of 2nd period - Leon Draisaitl wins face-off versus Alex Newhook in Flyers zone.
3:34 of 2nd period - Wrist shot by Alex Newhook.
3:34 of 2nd period - Shot Misses the Net.
3:36 of 2nd period - Wrist shot by Alexander Radulov.
3:36 of 2nd period - Stopped by Juuse Saros without a rebound.
3:37 of 2nd period - Leon Draisaitl wins face-off versus Sebastian Aho in Flyers zone.
3:48 of 2nd period - Snap shot by Lucas Raymond.
3:48 of 2nd period - Shot Blocked by Leon Draisaitl.
4:37 of 2nd period - Slapshot by Nils Hoglander.
4:37 of 2nd period - Stopped by Juuse Saros without a rebound.
4:38 of 2nd period - Sebastian Aho wins face-off versus Kevin Fiala in Flyers zone.
5:41 of 2nd period - Snap shot by Ross Colton.
5:41 of 2nd period - Stopped by Mike Smith with a rebound.
5:53 of 2nd period - Kirby Dach is hit by Anthony Cirelli and loses puck.
6:23 of 2nd period - Lucas Raymond is hit by Aaron Ekblad.
6:37 of 2nd period - Alexander Radulov is hit by Dylan Cozens and loses puck.
6:55 of 2nd period - Icing by MacKenzie Weegar.
6:56 of 2nd period - Scott Laughton wins face-off versus C.J. Smith in Flyers zone.
7:43 of 2nd period - Backhand shot by Shayne Gostisbehere.
7:43 of 2nd period - Stopped by Juuse Saros with a rebound.
7:45 of 2nd period - Snap shot by Alexander Radulov.
7:45 of 2nd period - Shot Misses the Net.
7:47 of 2nd period - Slapshot by Zdeno Chara.
7:47 of 2nd period - Stopped by Juuse Saros without a rebound.
7:48 of 2nd period - Calle Jarnkrok wins face-off versus Alex Newhook in Flyers zone.
7:55 of 2nd period - Alex Newhook is hit by Dylan Cozens and loses puck.
8:14 of 2nd period - Alex Newhook is hit by Noah Hanifin and loses puck.
8:43 of 2nd period - Patrick Kane is hit by Nils Hoglander and loses puck.
8:50 of 2nd period - Snap shot by Vasili Podkolzin.
8:50 of 2nd period - Shot Misses the Net.
9:08 of 2nd period - Slapshot by Ross Colton.
9:08 of 2nd period - Stopped by Mike Smith with a rebound.
9:10 of 2nd period - Slapshot by Jesper Boqvist.
9:10 of 2nd period - Deflect By Ross Colton.
9:10 of 2nd period - Shot Misses the Net.
9:10 of 2nd period - Puck is out of play.
9:11 of 2nd period - Scott Laughton wins face-off versus C.J. Smith in Nordiques zone.
9:22 of 2nd period - Slapshot by Vasili Podkolzin.
9:22 of 2nd period - Deflect By C.J. Smith.
9:22 of 2nd period - Goal by C.J. Smith - Flyers : 2 - Nordiques : 1.
9:23 of 2nd period - Leon Draisaitl wins face-off versus C.J. Smith in neutral zone.
9:58 of 2nd period - Wrist shot by Jakub Vrana.
9:58 of 2nd period - Stopped by Mike Smith with a rebound.
10:03 of 2nd period - Icing by Shayne Gostisbehere.
10:04 of 2nd period - Alexander Wennberg wins face-off versus Ross Colton in Nordiques zone.
10:04 of 2nd period - Alexander Wennberg is hit by MacKenzie Weegar.
10:18 of 2nd period - Wrist shot by Gabriel Vilardi.
10:18 of 2nd period - Shot Blocked by Zdeno Chara.
10:20 of 2nd period - Snap shot by Ross Colton.
10:20 of 2nd period - Shot Misses the Net.
10:29 of 2nd period - Off-side.
10:30 of 2nd period - Leon Draisaitl wins face-off versus Alex Newhook in neutral zone.
10:56 of 2nd period - C.J. Smith is hit by Anthony Cirelli and loses puck.
13:47 of 2nd period - Snap shot by Leon Draisaitl.
13:47 of 2nd period - Stopped by Mike Smith without a rebound.
13:48 of 2nd period - Leon Draisaitl wins face-off versus Pius Suter in Nordiques zone.
14:04 of 2nd period - Wrist shot by Joel Farabee.
14:04 of 2nd period - Deflect By Kirby Dach.
14:04 of 2nd period - Stopped by Juuse Saros without a rebound.
14:05 of 2nd period - Anthony Cirelli wins face-off versus C.J. Smith in Flyers zone.
14:20 of 2nd period - Backhand shot by Travis Konecny.
14:20 of 2nd period - Stopped by Mike Smith with a rebound.
15:15 of 2nd period - Wrist shot by Travis Konecny.
15:15 of 2nd period - Deflect By Nils Hoglander.
15:15 of 2nd period - Shot Misses the Net.
15:15 of 2nd period - Puck is out of play.
15:16 of 2nd period - Pius Suter wins face-off versus Anthony Cirelli in Nordiques zone.
15:23 of 2nd period - Patrik Nemeth is hit by Shea Weber.
15:46 of 2nd period - Snap shot by Sebastian Aho.
15:46 of 2nd period - Shot Blocked by Patrik Nemeth.
15:48 of 2nd period - Wrist shot by Lucas Raymond.
15:48 of 2nd period - Shot Misses the Net.
15:50 of 2nd period - Slapshot by Shea Weber.
15:50 of 2nd period - Stopped by Juuse Saros without a rebound.
15:50 of 2nd period - Minor Penalty to Juuse Saros for Slashing.
15:51 of 2nd period - Leon Draisaitl wins face-off versus Sebastian Aho in Flyers zone.
16:00 of 2nd period - Snap shot by Lucas Raymond.
16:00 of 2nd period - Shot Misses the Net.
16:02 of 2nd period - Slapshot by Travis Sanheim.
16:02 of 2nd period - Shot Blocked by Leon Draisaitl.
16:04 of 2nd period - Slapshot by Travis Sanheim.
16:04 of 2nd period - Shot Misses the Net.
17:14 of 2nd period - Leon Draisaitl is hit by Joel Farabee and loses puck.
17:31 of 2nd period - Noah Hanifin is hit by Joel Farabee and loses puck.
17:49 of 2nd period - Snap shot by Kirby Dach.
17:49 of 2nd period - Stopped by Juuse Saros without a rebound.
17:50 of 2nd period - Penalty to Anthony Cirelli is over, Anthony Cirelli is back on ice.
17:50 of 2nd period - Ross Colton wins face-off versus Alex Newhook in Flyers zone.
18:05 of 2nd period - Wrist shot by Alexander Radulov.
18:05 of 2nd period - Stopped by Juuse Saros without a rebound.
18:06 of 2nd period - Sebastian Aho wins face-off versus Leon Draisaitl in Flyers zone.
18:07 of 2nd period - Snap shot by Alexander Wennberg.
18:07 of 2nd period - Stopped by Juuse Saros without a rebound.
18:08 of 2nd period - Leon Draisaitl wins face-off versus Lucas Raymond in Flyers zone.
18:13 of 2nd period - Martin Fehervary is hit by MacKenzie Weegar and loses puck.
18:42 of 2nd period - Slapshot by MacKenzie Weegar.
18:42 of 2nd period - Stopped by Mike Smith with a rebound.
18:44 of 2nd period - Wrist shot by Calle Jarnkrok.
18:44 of 2nd period - Goal by Calle Jarnkrok - Flyers : 3 - Nordiques : 1.
18:45 of 2nd period - Alexander Wennberg wins face-off versus Leon Draisaitl in neutral zone.
18:54 of 2nd period - Slapshot by Sebastian Aho.
18:54 of 2nd period - Stopped by Juuse Saros without a rebound.
18:55 of 2nd period - Leon Draisaitl wins face-off versus Sebastian Aho in Flyers zone.
19:08 of 2nd period - Wrist shot by Kevin Fiala.
19:08 of 2nd period - Stopped by Mike Smith with a rebound.
19:14 of 2nd period - Backhand shot by Sebastian Aho.
19:14 of 2nd period - Stopped by Juuse Saros with a rebound.
19:16 of 2nd period - Slapshot by Alexander Wennberg.
19:16 of 2nd period - Stopped by Juuse Saros without a rebound.
19:17 of 2nd period - Pius Suter wins face-off versus Anthony Cirelli in Flyers zone.
19:28 of 2nd period - Wrist shot by Travis Konecny.
19:28 of 2nd period - Shot Blocked by Shayne Gostisbehere.
19:30 of 2nd period - Snap shot by Jakub Vrana.
19:30 of 2nd period - Shot Misses the Net.
19:44 of 2nd period - Leon Draisaitl is hit by Alexander Radulov and loses puck.
19:49 of 2nd period - Backhand shot by Alexander Radulov.
19:49 of 2nd period - Stopped by Juuse Saros with a rebound.
Goals for this period are 1 for Flyers vs 1 for Nordiques.
Shots for this period are 11 for Flyers vs 16 for Nordiques.

3rd period


0:01 of 3rd period - Leon Draisaitl wins face-off versus Pius Suter in neutral zone.
0:04 of 3rd period - Wrist shot by Patrick Kane.
0:04 of 3rd period - Shot Hit the Post.
0:06 of 3rd period - Snap shot by Patrick Kane.
0:06 of 3rd period - Stopped by Mike Smith with a rebound.
0:08 of 3rd period - Slapshot by John Marino.
0:08 of 3rd period - Shot Blocked by Pius Suter.
0:10 of 3rd period - Snap shot by John Marino.
0:10 of 3rd period - Shot Blocked by Pius Suter.
0:12 of 3rd period - Slapshot by John Marino.
0:12 of 3rd period - Shot Misses the Net.
0:28 of 3rd period - Wrist shot by Kevin Fiala.
0:28 of 3rd period - Shot Blocked by Shea Weber.
0:34 of 3rd period - Snap shot by Mathieu Perreault.
0:34 of 3rd period - Shot Misses the Net.
0:36 of 3rd period - Slapshot by Shea Weber.
0:36 of 3rd period - Deflect By Noah Hanifin.
0:36 of 3rd period - Stopped by Juuse Saros with a rebound.
0:38 of 3rd period - Snap shot by Alex Newhook.
0:38 of 3rd period - Stopped by Juuse Saros with a rebound.
0:50 of 3rd period - Wrist shot by Anthony Cirelli.
0:50 of 3rd period - Deflect By Jakub Vrana.
0:50 of 3rd period - Shot Misses the Net.
0:50 of 3rd period - Puck is out of play.
0:51 of 3rd period - Sebastian Aho wins face-off versus Anthony Cirelli in Nordiques zone.
0:58 of 3rd period - Slapshot by Sebastian Aho.
0:58 of 3rd period - Stopped by Juuse Saros with a rebound.
1:04 of 3rd period - Slapshot by Lucas Raymond.
1:04 of 3rd period - Shot Misses the Net.
1:06 of 3rd period - Slapshot by Lucas Raymond.
1:06 of 3rd period - Shot Misses the Net.
1:08 of 3rd period - Slapshot by Shayne Gostisbehere.
1:08 of 3rd period - Deflect By Travis Konecny.
1:08 of 3rd period - Stopped by Juuse Saros with a rebound.
1:10 of 3rd period - Slapshot by Zdeno Chara.
1:10 of 3rd period - Shot Blocked by Aaron Ekblad.
1:12 of 3rd period - Wrist shot by Lucas Raymond.
1:12 of 3rd period - Stopped by Juuse Saros without a rebound.
1:13 of 3rd period - Leon Draisaitl wins face-off versus C.J. Smith in Flyers zone.
2:42 of 3rd period - Icing by Ryan Lindgren.
2:43 of 3rd period - Leon Draisaitl wins face-off versus Pius Suter in Nordiques zone.
3:14 of 3rd period - Snap shot by Nils Hoglander.
3:14 of 3rd period - Stopped by Juuse Saros with a rebound.
3:20 of 3rd period - Slapshot by Calle Jarnkrok.
3:20 of 3rd period - Stopped by Mike Smith with a rebound.
4:14 of 3rd period - Kevin Fiala is hit by Zdeno Chara and loses puck.
4:24 of 3rd period - Wrist shot by Leon Draisaitl.
4:24 of 3rd period - Shot Misses the Net.
5:36 of 3rd period - Gabriel Vilardi is hit by Travis Sanheim.
5:40 of 3rd period - Gabriel Vilardi is hit by Lucas Raymond and loses puck.
5:57 of 3rd period - Justin Holl is hit by Nils Hoglander and loses puck.
6:16 of 3rd period - Wrist shot by Jakub Vrana.
6:16 of 3rd period - Shot Misses the Net.
6:18 of 3rd period - Wrist shot by Jakub Vrana.
6:18 of 3rd period - Stopped by Mike Smith with a rebound.
6:20 of 3rd period - Wrist shot by Travis Konecny.
6:20 of 3rd period - Shot Blocked by Alexander Radulov.
6:22 of 3rd period - Slapshot by Patrik Nemeth.
6:22 of 3rd period - Deflect By Travis Konecny.
6:22 of 3rd period - Shot Blocked by Kirby Dach.
6:22 of 3rd period - Puck is out of play.
6:23 of 3rd period - Sebastian Aho wins face-off versus Kevin Fiala in Nordiques zone.
6:36 of 3rd period - Snap shot by Alexander Wennberg.
6:36 of 3rd period - Shot Misses the Net.
6:38 of 3rd period - Wrist shot by Lucas Raymond.
6:38 of 3rd period - Stopped by Juuse Saros with a rebound.
6:40 of 3rd period - Snap shot by Shayne Gostisbehere.
6:40 of 3rd period - Shot Misses the Net.
6:55 of 3rd period - Noah Hanifin is hit by Alexander Radulov and loses puck.
7:14 of 3rd period - Wrist shot by Leon Draisaitl.
7:14 of 3rd period - Shot Misses the Net.
7:16 of 3rd period - Snap shot by John Marino.
7:16 of 3rd period - Deflect By Dylan Cozens.
7:16 of 3rd period - Shot Misses the Net.
7:16 of 3rd period - Puck is out of play.
7:17 of 3rd period - C.J. Smith wins face-off versus Scott Laughton in Nordiques zone.
8:05 of 3rd period - Snap shot by Mathieu Perreault.
8:05 of 3rd period - Stopped by Juuse Saros with a rebound.
8:41 of 3rd period - Wrist shot by Sebastian Aho.
8:41 of 3rd period - Stopped by Juuse Saros with a rebound.
8:43 of 3rd period - Slapshot by C.J. Smith.
8:43 of 3rd period - Shot Misses the Net.
8:45 of 3rd period - Slapshot by Zdeno Chara.
8:45 of 3rd period - Stopped by Juuse Saros without a rebound.
8:46 of 3rd period - Pius Suter wins face-off versus Anthony Cirelli in Flyers zone.
8:55 of 3rd period - Snap shot by Kirby Dach.
8:55 of 3rd period - Stopped by Juuse Saros without a rebound.
8:56 of 3rd period - Anthony Cirelli wins face-off versus Pius Suter in Flyers zone.
9:02 of 3rd period - Off-side.
9:03 of 3rd period - Leon Draisaitl wins face-off versus C.J. Smith in neutral zone.
9:09 of 3rd period - Off-side.
9:10 of 3rd period - C.J. Smith wins face-off versus Leon Draisaitl in neutral zone.
9:37 of 3rd period - Off-side.
9:38 of 3rd period - Alex Newhook wins face-off versus Anthony Cirelli in neutral zone.
9:50 of 3rd period - Alex Newhook is hit by Jakub Vrana and loses puck.
10:08 of 3rd period - Off-side.
10:09 of 3rd period - Sebastian Aho wins face-off versus Leon Draisaitl in neutral zone.
10:13 of 3rd period - Off-side.
10:14 of 3rd period - Leon Draisaitl wins face-off versus Sebastian Aho in neutral zone.
10:46 of 3rd period - Joel Farabee is hit by Travis Konecny and loses puck.
11:05 of 3rd period - Backhand shot by Shayne Gostisbehere.
11:05 of 3rd period - Shot Blocked by Scott Laughton.
11:07 of 3rd period - Snap shot by Nils Hoglander.
11:07 of 3rd period - Shot Misses the Net.
11:09 of 3rd period - Snap shot by Vasili Podkolzin.
11:09 of 3rd period - Stopped by Juuse Saros without a rebound.
11:10 of 3rd period - Anthony Cirelli wins face-off versus Alex Newhook in Flyers zone.
11:43 of 3rd period - Snap shot by Sebastian Aho.
11:43 of 3rd period - Goal by Sebastian Aho - Flyers : 3 - Nordiques : 2.
11:44 of 3rd period - Calle Jarnkrok wins face-off versus C.J. Smith in neutral zone.
11:49 of 3rd period - Snap shot by Dylan Cozens.
11:49 of 3rd period - Deflect By Calle Jarnkrok.
11:49 of 3rd period - Stopped by Mike Smith with a rebound.
11:51 of 3rd period - Backhand shot by Aaron Ekblad.
11:51 of 3rd period - Shot Blocked by Ryan Lindgren.
11:53 of 3rd period - Snap shot by Scott Laughton.
11:53 of 3rd period - Stopped by Mike Smith without a rebound.
11:54 of 3rd period - Scott Laughton wins face-off versus C.J. Smith in Nordiques zone.
12:25 of 3rd period - Calle Jarnkrok is hit by Ryan Lindgren and loses puck.
12:39 of 3rd period - Martin Fehervary is hit by Scott Laughton and loses puck.
13:18 of 3rd period - Slapshot by MacKenzie Weegar.
13:18 of 3rd period - Shot Blocked by Vasili Podkolzin.
13:20 of 3rd period - Slapshot by Calle Jarnkrok.
13:20 of 3rd period - Shot Misses the Net.
13:22 of 3rd period - Slapshot by Scott Laughton.
13:22 of 3rd period - Shot Misses the Net.
13:24 of 3rd period - Slapshot by Dylan Cozens.
13:24 of 3rd period - Shot Misses the Net.
13:26 of 3rd period - Wrist shot by Calle Jarnkrok.
13:26 of 3rd period - Shot Blocked by Ryan Lindgren.
14:10 of 3rd period - Slapshot by Calle Jarnkrok.
14:10 of 3rd period - Shot Blocked by Martin Fehervary.
14:34 of 3rd period - Snap shot by Dylan Cozens.
14:34 of 3rd period - Shot Misses the Net.
14:52 of 3rd period - Snap shot by Dylan Cozens.
14:52 of 3rd period - Stopped by Mike Smith without a rebound.
14:53 of 3rd period - Leon Draisaitl wins face-off versus Pius Suter in Nordiques zone.
15:20 of 3rd period - Alexander Radulov is hit by John Marino.
15:46 of 3rd period - Snap shot by Lucas Raymond.
15:46 of 3rd period - Stopped by Juuse Saros without a rebound.
15:47 of 3rd period - Sebastian Aho wins face-off versus Leon Draisaitl in Flyers zone.
16:02 of 3rd period - Snap shot by Sebastian Aho.
16:02 of 3rd period - Stopped by Juuse Saros with a rebound.
17:05 of 3rd period - Leon Draisaitl is hit by Shayne Gostisbehere and loses puck.
17:48 of 3rd period - Noah Hanifin is hit by Shea Weber and loses puck.
18:33 of 3rd period - Joel Farabee is hit by Ross Colton.
18:55 of 3rd period - Slapshot by Kevin Fiala.
18:55 of 3rd period - Shot Blocked by Zdeno Chara.
19:21 of 3rd period - Nordiques, Mike Smith is pulled from the net.
Goals for this period are 0 for Flyers vs 1 for Nordiques.
Shots for this period are 6 for Flyers vs 15 for Nordiques.